 Dungeon Crawl Stone Soup version 0.29-a0-88-g03a7b78be7 (webtiles) character file.

Game seed: 4361144820496646171

4 senseless the Ducker (level 1, 0/10 HPs)
             Began as a Felid Fighter on Feb 5, 2022.
             Slain by a goblin (4 damage)
             ... on level 1 of the Dungeon.
             The game lasted 00:00:10 (89 turns).

senseless the Ducker (Felid Fighter)                  Turns: 89, Time: 00:00:11

Health: 0/10       AC:  1    Str: 12    XL:     1   Next: 58%
Magic:  2/2        EV: 18    Int:  9    God:
Gold:   9          SH:  0    Dex: 15    Spells: 0/0 levels left
                                        Lives:  0   Deaths: 0

rFire   . . .      SeeInvis +     - Unarmed
rCold   . . .      Faith    .   (shield unavailable)
rNeg    . . .      Spirit   .   (armour unavailable)
rPois   .          Reflect  .   (helmet unavailable)
rElec   .          Harm     .   (cloak unavailable)
rCorr   .          Rampage  .   (gloves unavailable)
Will    .....                   (boots unavailable)
Stlth   +.........              (no amulet)
HPRegen 0.03/turn               (no ring)
MPRegen 0.08/turn               (no ring)

@: quick
A: very small, claws 1, fangs 3, see invisible, speed 1, shaggy fur 1, stealthy
paws, no weapons or thrown items, no armour, multi-lived
a: no special abilities


You were on level 1 of the Dungeon.
You visited 1 branch of the dungeon, and saw 1 of its levels.

You collected 9 gold pieces.

Inventory:

Potions
 a - a potion of might


   Skills:
 + Level 3.2 Fighting
 + Level 4.0 Dodging
 + Level 4.0 Unarmed Combat


You couldn't memorise any spells.
You didn't know any spells.
Your spell library was empty.

Dungeon Overview and Level Annotations

Branches:
Dungeon (1/15)

Altars:


Innate Abilities, Weirdness & Mutations

You have sharp claws.
You have razor-sharp teeth.
You have supernaturally acute eyesight. (SInv)
You cover ground quickly. (Speed+)
You are covered in fur. (AC +1)
Your paws help you pounce on unaware monsters.
You are incapable of wielding weapons or throwing items.
You cannot wear armour.
You gain extra lives every three experience levels.


Message History

Found 9 gold pieces.
You see here a +0 rapier.
You scratch the giant cockroach.
You kill the giant cockroach!
No target in view!
You see here a giant cockroach corpse.
You now have 9 gold pieces.
A bat comes into view.
Found a scroll labelled BEOSOITW BUDEI.
A kobold comes into view. It is wielding a +0 dagger.
The kobold shouts!
You scratch the bat but do no damage. You bite the bat.
You kill the bat! 2 goblins come into view.
You see here a bat corpse.
The goblin shouts! x2
You scratch the kobold. You claw the kobold, but do no damage.
The kobold is severely wounded.
You closely miss the kobold.
The kobold is severely wounded.
The kobold hits you with a +0 dagger. The goblin hits you with a +0 club.
You closely miss the kobold.
The kobold is severely wounded.
A kobold comes into view. It is wielding a +0 dagger of speed.
The kobold closely misses you.
You closely miss the kobold. Your bite misses the kobold.
The kobold is severely wounded.
The goblin hits you with a +0 club. The kobold completely misses you.
You see here a bat corpse.
You scratch the goblin.
You kill the goblin!
You barely miss the goblin. You completely miss the goblin.
Your bite misses the goblin. The goblin hits you with a +0 club.
You are too injured to fight recklessly!
You are too injured to fight recklessly!
You scratch the goblin.
The goblin is severely wounded.
The goblin hits you with a +0 club.
You die...

.# ### .# ...# #.#
#...######.#
........##.#
..........?# ###
........##.# #..
#....K.Kg@.####.# #
#.......#.......# .#
#.......#..####.## #.#
#.......#....†...###.#
...........######)..##
####.#####..>........#
#. #.........#.## ..
...#####...†.# ####
#.##..#


You could see a goblin and 2 kobolds.

Vanquished Creatures
  2 giant cockroaches (D:1)
  A goblin (D:1)
  A bat (D:1)
4 creatures vanquished.

Notes
Turn   | Place    | Note
-------+----------+-------------------------------------------
     0 | D:1      | senseless the Felid Fighter began the quest for the Orb.
     0 | D:1      | Reached XP level 1. HP: 10/10 MP: 2/2
     2 | D:1      | Noticed a tengu
     2 | D:1      | Noticed a dwarf
     4 | D:1      | Noticed an ogre
     4 | D:1      | Noticed a ghoul
     8 | D:1      | Noticed a vampire
     8 | D:1      | Noticed an elf
    10 | D:1      | Noticed an octopode
    12 | D:1      | Noticed a gargoyle
    12 | D:1      | Noticed a vine stalker
    14 | D:1      | Noticed a formicid
    14 | D:1      | Noticed a naga
    16 | D:1      | Noticed a demigod
    16 | D:1      | Noticed a troll
    18 | D:1      | Noticed a felid
    20 | D:1      | Noticed a human
    20 | D:1      | Noticed a draconian
    22 | D:1      | Noticed a merfolk
    24 | D:1      | Noticed a minotaur
    24 | D:1      | Noticed a spriggan
    26 | D:1      | Noticed a demonspawn
    89 | D:1      | Slain by a goblin

Illustrated notes

Levels and vault maps discovered:
D:1:      kb_arrival_jail, layout_loops_ring, serial_shops,
          nicolae_lakefront_shop, dilly_ecumenical_altar_fadedgnrine

Action                   || total
-------------------------++-------
Melee: Unarmed           ||    11
       Punch             ||     1
       Bite              ||     1
 Stab: Sleeping          ||     1
Dodge: Dodged            ||     2

Table legend: (Time is in decaauts)
 A = Elapsed time spent in this place.
 B = Non-inter-level travel time spent in this place.
 C = Inter-level travel time spent in this place.
 D = Time resting spent in this place.
 E = Time spent auto-exploring this place.
 F = Levels seen in this place.
 G = Mean time per level.
                   A        B        C        D        E       F      G
               +--------+--------+--------+--------+--------+-----+--------+
         Total |     72 |     72 |      0 |      0 |     48 |   1 |   72.0 |
       Dungeon |     72 |     72 |      0 |      0 |     48 |   1 |   72.0 |
               +--------+--------+--------+--------+--------+-----+--------+

Top non-repeatable levels by time:
     D:1: 72 daAuts
